 Dungeon Crawl Stone Soup version 0.28-a0-429-g1448048969 (webtiles) character file.

Game seed: 4420917972026029667

21 siradein the Unweaver (level 2, 0/24 HPs)
             Began as a Demonspawn Abyssal Knight on Sept 10, 2021.
             Was a Follower of Lugonu.
             Slain by Terence (7 damage)
             ... on level 1 of the Dungeon.
             The game lasted 00:01:17 (1049 turns).

siradein the Unweaver (Demonspawn Abyssal Knight)   Turns: 1049, Time: 00:01:18

Health: 0/24       AC:  4    Str: 12    XL:     2   Next: 62%
Magic:  4/4        EV: 11    Int: 13    God:    Lugonu [*.....]
Gold:   92         SH:  0    Dex: 14    Spells: 1/1 levels left

rFire   . . .      SeeInvis .   a - +1 falchion
rCold   . . .      Faith    .   (no shield)
rNeg    . . .      Spirit   .   b - +0 leather armour
rPois   .          Reflect  .   (no helmet)
rElec   .          Harm     .   (no cloak)
rCorr   .          Rampage  .   (no gloves)
Will    .....                   g - +0 pair of boots
Stlth   ++........              (no amulet)
HPRegen 0.08/turn               (no ring)
MPRegen 0.09/turn               (no ring)

@: no status effects
A: thin skeletal structure 1
a: Renounce Religion, Depart the Abyss


You were on level 1 of the Dungeon.
You worshipped Lugonu.
Lugonu was aware of your devotion.
You visited 1 branch of the dungeon, and saw 2 of its levels.
You visited the Abyss 1 time.

You collected 92 gold pieces.

Inventory:

Hand Weapons
 a - a +1 falchion (weapon)
Armour
 b - a +0 leather armour (worn)
 g - a +0 pair of boots (worn)
Scrolls
 c - 2 scrolls of identify {unknown}
 d - 2 scrolls of acquirement {unknown}
 e - a scroll of noise {unknown}
 h - a scroll of amnesia {unknown}
Potions
 f - a potion of heal wounds {unknown}
 i - a potion of degeneration {unknown}


   Skills:
 - Level 3.0 Fighting
 + Level 2.4 Long Blades
 - Level 1.7 Armour
 - Level 0.8 Dodging
 + Level 3.4 Invocations


You had one spell level left.
You didn't know any spells.
Your spell library contained the following spells:

 Spells                   Type           Power      Damage    Failure   Level
 Gell's Gravitas          Tloc           0%         N/A       75%         3
 Teleport Other           Tloc           0%         N/A       75%         3
 Dispersal                Tloc           0%         N/A       100%        6


Dungeon Overview and Level Annotations

Branches:
Dungeon (2/15)

Altars:

Annotations:
D:1 Terence


Innate Abilities, Weirdness & Mutations

You have a somewhat thin skeletal structure. (Dex +2, Stealth+)


Message History

Terence is lightly wounded.
Terence barely misses you.
You hit Terence.
Terence is lightly wounded.
Terence closely misses you.
You barely miss Terence.
Terence is lightly wounded.
Terence closely misses you.
You hit Terence but do no damage.
Terence is lightly wounded.
Terence closely misses you.
You hit Terence.
Terence is moderately wounded.
Terence screams, "I'm going to kill you!"
Terence hits you with a +0 falchion. x2
You barely miss Terence.
Terence is moderately wounded.
Terence closely misses you.
Unknown command.
You closely miss Terence.
Terence is moderately wounded.
Terence barely misses you.
You hit Terence.
Terence is heavily wounded.
Terence hits you with a +0 falchion!
You are too injured to fight recklessly!
You are too injured to fight recklessly!
There is a stone staircase leading up here.
Terence barely misses you.
You climb upwards.
There is a stone staircase leading down here.
Terence barely misses you.
You hit Terence.
Terence is heavily wounded.
Terence hits you with a +0 falchion.
* * * LOW HITPOINT WARNING * * *
You slash Terence!
Terence is almost dead.
Terence hits you with a +0 falchion!
You die...

......#
#.#.........#
#######
#.#...#####.#
#.....### #.# #
#.......###.#######
#..................
#####
#.......###.#######
....# ###...### #.#
## ###†# ####...#
#.# #. #.# #.@@..##
#.# #( #.# #>###.#
#.# #. #.# #.# #.#
#.# #. #.# #.# #.#
#.# #. #.# #.###.##
#.# #. #.######
#.##...# #.### #.
#......# ########
#...####.
######.#♣♣♣♣♣♣♣♣♣♣♣
###......
#.+.........<♣
#..###.


You could see Terence.

Vanquished Creatures
  2 dart slugs (D:1)
  A bat (D:1)
  3 giant cockroaches (D:1)
  A goblin (D:1)
  2 hobgoblins (D:1)
  3 quokkas (D:1)
  A frilled lizard (D:1)
  A rat (D:1)
14 creatures vanquished.

Notes
Turn   | Place    | Note
-------+----------+-------------------------------------------
     0 | Abyss:1  | siradein the Demonspawn Abyssal Knight began the quest for
                  | the Orb.
     0 | Abyss:1  | Reached XP level 1. HP: 18/18 MP: 2/2
    57 | Abyss:1  | Noticed a raiju
    58 | D:1      | Escaped the Abyss
   322 | D:1      | Gained mutation: You have a somewhat thin skeletal
                  | structure. (Dex +2, Stealth+) [demonic ancestry]
   322 | D:1      | Reached XP level 2. HP: 24/24 MP: 2/4
   826 | D:1      | Reached * piety under Lugonu
  1022 | D:2      | Noticed Terence
  1049 | D:1      | Slain by Terence

Illustrated notes

Levels and vault maps discovered:
D:1:      psy_arrival_fountain, layout_loops_ring
D:2:      layout_loops_ring, shapermc_ecumenical_altar_petra, uniq_terence

Skill      XL: |  1 |
---------------+----+-----
Long Blades    | 2 |  2.4
Invocations    | 3 |  3.4
Fighting       | |  3.0
Armour         | |  1.7
Dodging        | |  0.8

Action                   || total
-------------------------++-------
Melee: Falchion          ||    53
Invok: Depart the Abyss  ||     1
 Stab: Sleeping          ||     6
Armor: Leather armour    ||    16
Dodge: Dodged            ||    30

Table legend: (Time is in decaauts)
 A = Elapsed time spent in this place.
 B = Non-inter-level travel time spent in this place.
 C = Inter-level travel time spent in this place.
 D = Time resting spent in this place.
 E = Time spent auto-exploring this place.
 F = Levels seen in this place.
 G = Mean time per level.
                   A        B        C        D        E       F      G
               +--------+--------+--------+--------+--------+-----+--------+
         Total |   1059 |   1014 |     45 |      0 |    834 |   3 |  353.0 |
       Dungeon |   1001 |    956 |     45 |      0 |    780 |   2 |  500.5 |
         Abyss |     58 |     58 |      0 |      0 |     54 |   1 |   58.0 |
               +--------+--------+--------+--------+--------+-----+--------+

Top non-repeatable levels by time:
     D:1: 967 daAuts
 Abyss:1: 58 daAuts
     D:2: 33 daAuts
